 Dungeon Crawl Stone Soup version 0.28-a0-1212-gc6b4282bc0 (webtiles) character file.

Game seed: 11167070624996540628

1241 ChaosChampion the Grappler (level 8, -5/93 (94) HPs)
             Began as a White Draconian Transmuter on Dec 21, 2021.
             Slain by Harold (7 damage)
             ... on level 7 of the Dungeon.
             The game lasted 00:10:35 (7094 turns).

ChaosChampion the Grappler (DrTm)                   Turns: 7094, Time: 00:10:36

HP:   -5/93 (94)    AC: 24    Str: 13    XL:     8   Next: 25%
MP:   0/21          EV:  2    Int: 16    God:
Gold: 172           SH:  0    Dex: 11    Spells: 6/13 levels left

rFire   . . .      SeeInvis .   a - staff of cold
rCold   + + .      Faith    .   (no shield)
rNeg    . . .      Spirit   +   (armour unavailable)
rPois   +          Reflect  .   (helmet currently unavailable)
rElec   .          Harm     .   (cloak currently unavailable)
rCorr   .          Rampage  .   (gloves currently unavailable)
Will    .....      NoTele   +   (boots currently unavailable)
Stlth   +.........              g - amulet of guardian spirit
HPRegen 0.25/turn               d - ring of protection from cold
MPRegen 0.17/turn               f - ring of magical power

@: tree-form, marked, attractive, hasted, lightly drained, very quick
A: stationary, stasis, torment immunity, boosted hp, (breathe frost), AC +6,
unfitting armour, (cold resistance 1), (cold-blooded)
a: no special abilities


You were on level 7 of the Dungeon.
You were a tree.
You visited 1 branch of the dungeon, and saw 6 of its levels.

You collected 172 gold pieces.

Inventory:

Armour
 h - a +0 pair of boots (melded)
 m - a scarf of invisibility
Magical Staves
 a - a staff of cold (weapon)
Jewellery
 d - a ring of protection from cold (left branch)
 f - a ring of magical power (right branch)
 g - an amulet of guardian spirit (around neck)
Wands
 n - a wand of polymorph (2)
Potions
 b - a potion of lignification
 c - 2 potions of flight
 e - a potion of cancellation


   Skills:
 + Level 3.0 Fighting
 + Level 2.9 Dodging
 - Level 8.0 Unarmed Combat
 + Level 3.1 Spellcasting
 + Level 3.2 Transmutations
 * Level 4.4 Ice Magic


You had 6 spell levels left.
You knew the following spells:

 Your Spells              Type           Power      Damage    Failure   Level
a - Beastly Appendage     Tmut           24%        N/A       4%          1
b - Wereblood             Tmut           12%        N/A       8%          2
c - Ice Form              Ice/Tmut       22%        N/A       36%         4

Your spell library contained the following spells:

 Spells                   Type           Power      Damage    Failure   Level
 Ensorcelled Hibernation  Hex/Ice        28%        N/A       12%         2
 Summon Small Mammal      Summ           8%         N/A       19%         1
 Blink                    Tloc           4%         N/A       28%         2
 Spider Form              Tmut/Pois      7%         N/A       28%         3
 Dazzling Flash           Conj/Hex       4%         N/A       50%         3
 Petrify                  Tmut/Erth      7%         N/A       67%         4
 Iskenderun's Mystic Bla  Conj/Tloc      2%         2d3       88%         4
 Yara's Violent Unravell  Hex/Tmut       3%         3d4       95%         5
 Manifold Assault         Tloc           2%         N/A       99%         5
 Starburst                Conj/Fire      1%         6d3       100%        6


Dungeon Overview and Level Annotations

Branches:
Dungeon (7/15)
 Temple: D:4-7

Altars:
Xom

Annotations:
D:7 Harold


Innate Abilities, Weirdness & Mutations

You are a tree.
Your roots penetrate the ground, keeping you stationary.
You cannot be teleported.
You are immune to unholy pain and torment.
Your maximum health is greatly increased.
Your equipment is partially melded.
((You can breathe waves of freezing cold which knock back foes.))
((Your icy white scales are hard. (AC +6)))
You cannot fit into any form of body armour.
((Your flesh is cold resistant. (rC+)))
((You are cold-blooded and may be slowed by cold attacks.))


Message History

Press: ? - help, Shift-Dir - straight line, f/p - Harold
Aim: Harold, wielding a +0 dire flail, wearing a +2 chain mail of cold resistance and quivering 2 throwing nets (lightly wounded, will become a boggart, a polar bear, or an elephant, chance to affect: 15%) Harold resists with almost no effort.
Harold hits you but does no damage.
Hit: a) staff of cold
Press: ? - help, Dir - move target, f/p - Harold
Aim: Harold, wielding a +0 dire flail, wearing a +2 chain mail of cold resistance and quivering 2 throwing nets (lightly wounded, about 25% to evade your staff of cold)
Okay, then.
Sorry, you're not good enough to have a special ability.
Aiming: Polymorph
Press: ? - help, Shift-Dir - straight line, f/p - Harold
Aim: Harold, wielding a +0 dire flail, wearing a +2 chain mail of cold resistance and quivering 2 throwing nets (lightly wounded, will become a boggart, a polar bear, or an elephant, chance to affect: 15%) Harold resists with almost no effort.
Sorry, you're not good enough to have a special ability.
You cannot move.
You hit Harold but do no damage.
Harold is lightly wounded.
Harold hits you but does no damage.
You hit Harold but do no damage.
Harold is lightly wounded.
Harold hits you but does no damage.
You hit Harold but do no damage.
Harold is lightly wounded.
Harold hits you but does no damage.
You barely miss Harold.
Harold is lightly wounded.
Harold hits you with a +0 dire flail.
* * * LOW HITPOINT WARNING * * *
You barely miss Harold.
Harold is lightly wounded.
You hit Harold but do no damage.
Harold is lightly wounded.
Harold hits you but does no damage.
You hit Harold but do no damage.
Harold is lightly wounded.
Harold hits you with a +0 dire flail.
* * * LOW HITPOINT WARNING * * *
You completely miss Harold.
Harold is lightly wounded.
Harold hits you with a +0 dire flail!
You die...

#. #.. ..# ..#
### ..# ... ..#
..## ##.# ..#
##@# #.###♣##
###.##.##
.####......#
#..........####.
#..............#
#..........#####
...#####..##
##..###
#....##...#


You could see Harold.

Vanquished Creatures
  A water moccasin (D:5)
  2 orc warriors (D:5)
  An ogre (D:6)
  A centaur (D:6)
  2 phantoms (D:5)
  A scorpion (D:6)
  A water moccasin skeleton (D:6)
  5 wights
  A bullfrog zombie (D:6)
  3 hounds
  3 iguanas
  An orc wizard (D:5)
  2 adders
  A shadow imp (D:6)
  A white imp (D:5)
  4 worms
  A dart slug (D:1)
  11 orcs
  7 ball pythons
  5 bats
  5 endoplasms
  A giant cockroach (D:2)
  4 goblins
  2 hobgoblins
  8 jackals
  2 quokkas
  2 frilled lizards
  5 kobolds
  2 rats (D:2)
85 creatures vanquished.

Notes
Turn   | Place    | Note
-------+----------+-------------------------------------------
     0 | D:1      | ChaosChampion the Draconian Transmuter began the quest for
                  | the Orb.
     0 | D:1      | Reached XP level 1. HP: 16/16 MP: 3/3
   328 | D:1      | Reached XP level 2. HP: 23/23 MP: 3/5
   513 | D:1      | Found a faded altar of an unknown god.
   517 | D:1      | Got Plato's Disquisition on Calling
   625 | D:1      | Reached skill level 4 in Unarmed Combat
   687 | D:1      | Learned a level 2 spell: Wereblood
  1157 | D:2      | Reached XP level 3. HP: 28/28 MP: 2/6
  1649 | D:2      | Found a shimmering altar of Xom.
  2366 | D:3      | You fall into a shaft and drop 2 floors!
  2366 | D:5      | Entered Level 5 of the Dungeon
  2387 | D:5      | Noticed a phantom
  2434 | D:5      | Killed a phantom
  2435 | D:5      | Reached skill level 5 in Unarmed Combat
  2435 | D:5      | Reached XP level 4. HP: 11/35 MP: 2/7
  2435 | D:5      | Reached XP level 5. HP: 12/40 MP: 2/8
  2746 | D:5      | Reached skill level 6 in Unarmed Combat
  2756 | D:5      | HP: 2/40 [iguana (4)]
  3631 | D:6      | Noticed a phantom
  3635 | D:6      | Noticed an orc warrior
  3649 | D:6      | Noticed a water moccasin
  3675 | D:5      | Killed a water moccasin
  3676 | D:5      | Reached skill level 7 in Unarmed Combat
  3676 | D:5      | Reached XP level 6. HP: 9/47 MP: 2/9
  4142 | D:6      | Noticed an orc warrior
  4167 | D:5      | Killed an orc warrior
  4419 | D:5      | Reached skill level 8 in Unarmed Combat
  4419 | D:5      | Your scales start taking on an icy white colour.
  4419 | D:5      | Reached XP level 7. HP: 37/52 MP: 10/10
  4419 | D:5      | Gained mutation: Your flesh is cold resistant. (rC+) [White
                  | Draconian growth]
  4424 | D:5      | Learned a level 4 spell: Ice Form
  4583 | D:5      | Reached skill level 1 in Ice Magic
  6356 | D:5      | Reached XP level 8. HP: 44/52 MP: 12/12
  7031 | D:7      | Identified 2 scrolls of acquirement
  7031 | D:7      | Acquired Icehuagu's Grimoire of Unstable Shape Shifting
  7033 | D:7      | Acquired a staff of cold
  7066 | D:7      | Noticed Harold
  7079 | D:7      | HP: 4/93 [Harold (15)]
  7084 | D:7      | HP: 2/93 [Harold (5)]
  7090 | D:7      | HP: 2/93 [Harold (1)]
  7094 | D:7      | Slain by Harold

Illustrated notes

Levels and vault maps discovered:
D:1:      dpeg_arrival_rhombus, layout_basic,
          shapermc_ecumenical_altar_rom_forum, chequers_avenue
D:2:      layout_basic, basic_altar
D:3:      layout_basic
D:5:      layout_basic
D:6:      layout_cave_pods, serial_glass, glass_columns_b, glass_columns_b
D:7:      layout_layer_cave, mainiacjoe_overflow_surrounded_room,
          minmay_temple_entry_arrows, uniq_harold

Skill      XL: |  1  2  3  4  5  6  7  8 |
---------------+-------------------------+-----
Unarmed Combat | 4 5 7 8 |  8.0
Dodging        | 2 |  2.9
Ice Magic      | 3 4 |  4.4
Fighting       | 2 3 |  3.0
Transmutations | 3 |  3.2
Spellcasting   | 3 |  3.1

Action                   |  1- 3 |  4- 6 |  7- 9 || total
-------------------------+-------+-------+-------++-------
Melee: Unarmed           |   127 |   109 |   110 ||   346
       Headbutt          |    15 |     6 |    17 ||    38
       Kick              |    17 |    11 |    12 ||    40
       Tailslap          |     8 |    12 |    10 ||    30
       Punch             |       |     3 |     6 ||     9
       Staff             |       |       |    11 ||    11
 Cast: Beastly Appendage |    28 |     6 |    14 ||    48
       Wereblood         |    11 |     4 |    12 ||    27
       Ice Form          |       |       |     1 ||     1
 Abil: Breathe Frost     |       |       |    10 ||    10
Evoke: Wand              |       |       |     4 ||     4
  Use: Scroll            |       |     2 |     6 ||     8
       Potion            |       |       |     5 ||     5
Armor: Skin              |    26 |    36 |    28 ||    90
Dodge: Dodged            |    74 |    76 |    56 ||   206

Table legend: (Time is in decaauts)
 A = Elapsed time spent in this place.
 B = Non-inter-level travel time spent in this place.
 C = Inter-level travel time spent in this place.
 D = Time resting spent in this place.
 E = Time spent auto-exploring this place.
 F = Levels seen in this place.
 G = Mean time per level.
                   A        B        C        D        E       F      G
               +--------+--------+--------+--------+--------+-----+--------+
         Total |   7060 |   6941 |    119 |   1471 |   4315 |   6 | 1176.7 |
       Dungeon |   7060 |   6941 |    119 |   1471 |   4315 |   6 | 1176.7 |
               +--------+--------+--------+--------+--------+-----+--------+

Top non-repeatable levels by time:
     D:5: 3036 daAuts
     D:6: 1600 daAuts
     D:1: 1059 daAuts
     D:2: 1047 daAuts
     D:3: 250 daAuts
     D:7: 65 daAuts
